 Dungeon Crawl Stone Soup version 0.30-a0-4-ga7cffc901d (webtiles) character file.

Game seed: 13073297595079444906

3924 greenreed the Grappler (level 10, -3/77 HPs)
             Began as a Purple Draconian Transmuter on Aug 22, 2022.
             Was a Priest of Nemelex Xobeh.
             Slain by a two-headed ogre
             ... wielding a +0 giant club
              (17 damage)
             ... on level 8 of the Dungeon.
             The game lasted 00:29:19 (10590 turns).

greenreed the Grappler (DrTm)                      Turns: 10590, Time: 00:29:20

Health: -3/77      AC:  2    Str: 23    XL:     10   Next: 1%
Magic:  12/20      EV: 22    Int: 13    God:    Nemelex Xobeh [***...]
Gold:   207        SH:  5    Dex: 17    Spells: 13/22 levels left

rFire   . . .      SeeInvis .      - Unarmed
rCold   . . .      Faith    .    (shield currently unavailable)
rNeg    . . .      Spirit   .    (body armour unavailable)
rPois   x          Reflect  +    (helmet currently unavailable)
rElec   .          Harm     .    (cloak currently unavailable)
rCorr   .          Rampage  .    (gloves currently unavailable)
Will    +....                    (boots currently unavailable)
Stlth   +++.......               C - amulet of reflection
HPRegen 0.22/turn                n - +6 ring of strength
MPRegen 0.17/turn                (no ring)

@: spider-form (expiring), very slightly contaminated, slowed, very slow
A: venomous fangs, (breathe power), AC +7, tiny, unfitting armour,
(cold-blooded)
a: End Transformation, Renounce Religion, Draw Escape, Draw Destruction, Draw
Summoning, Triple Draw


You were on level 8 of the Dungeon.
You worshipped Nemelex Xobeh.
Nemelex Xobeh was most pleased with you.
You were a venomous arachnid creature.
You visited 2 branches of the dungeon, and saw 9 of its levels.
You also visited: Ossuary.

You collected 456 gold pieces.
You spent 249 gold pieces at shops.

Inventory:

Hand Weapons
 x - the +9 heavy crossbow "Sniper" {vorpal, Acc+∞ SInv}
   (You found it on level 5 of the Dungeon)

   Any ammunition fired from it inflicts extra damage upon your enemies.
   Any ammunition fired from it never misses its target.
   SInv:      It lets you see invisible.
Missiles
 l - a throwing net
 A - 4 datura-tipped darts
 B - 24 poisoned darts
Armour
 D - the +1 pair of gloves of Pantheism (melded) {Str+4}
   (You bought it in a shop on level 4 of the Dungeon)

   Str:       It affects your strength (+4).
 H - a scarf of harm
Jewellery
 n - a +6 ring of strength (left front leg)
 C - an amulet of reflection (around neck)
Wands
 d - a wand of mindburst (27)
 m - a wand of digging (7)
 r - a wand of polymorph (7)
 u - a wand of flame (13)
Scrolls
 a - a scroll of fear {unknown}
 b - 2 scrolls of vulnerability {unknown}
 c - a scroll of enchant weapon {unknown}
 e - a scroll of magic mapping {unknown}
 k - 2 scrolls of poison {unknown}
 o - a scroll of immolation {unknown}
 p - 2 scrolls of enchant armour
 q - 4 scrolls of teleportation {unknown}
 v - 2 scrolls of amnesia {unknown}
 y - 2 scrolls of identify
 z - 2 scrolls of fog {unknown}
 E - a scroll of silence {unknown}
 F - a scroll of blinking {unknown}
 I - a scroll of brand weapon {unknown}
Potions
 f - 3 potions of haste
 g - 7 potions of curing
 h - a potion of cancellation {unknown}
 i - 5 potions of brilliance
 j - 2 potions of attraction {unknown}
 s - a potion of flight {unknown}
 t - 4 potions of degeneration {unknown}
 w - 2 potions of heal wounds {unknown}
 G - a potion of resistance {unknown}


   Skills:
 + Level 3.4 Fighting
 + Level 4.8 Dodging
 + Level 3.8 Stealth
 + Level 1.2 Shields
 + Level 9.3 Unarmed Combat
 + Level 6.7 Spellcasting
 * Level 3.8 Necromancy
 + Level 5.4 Transmutations
 + Level 0.6 Poison Magic


You had 13 spell levels left.
You knew the following spells:

 Your Spells              Type           Power      Damage    Failure   Level
a - Beastly Appendage     Tmut           36%        N/A       7%          1
b - Spider Form           Tmut/Pois      12%        N/A       32%         3
c - Necrotise             Necr           56%        1d6       11%         1
d - Anguish               Hex/Necr       4%         N/A       77%         4

Your spell library contained the following spells:

 Spells                   Type           Power      Damage    Failure   Level
 Wereblood                Tmut           18%        N/A       10%         2
 Vampiric Draining        Necr           14%        2d7       24%         3
 Ozocubu's Armour         Ice            4%         N/A       65%         3
 Ice Form                 Ice/Tmut       11%        N/A       67%         4
 Corpse Rot               Necr/Pois/Air  8%         N/A       82%         4
 Agony                    Necr           14%        N/A       83%         5
 Summon Mana Viper        Hex/Summ       4%         N/A       100%        5
 Ozocubu's Refrigeration  Ice            2%         4d7       100%        7


Dungeon Overview and Level Annotations

Branches:
Dungeon (8/15)             Temple (1/1) D:7         Ossuary (visited)
   Lair: D:8-11

Altars:
Ashenzari
Cheibriados
Dithmenos
Elyvilon
Fedhas
Gozag
Hepliaklqana
Kikubaaqudgha
Makhleb
Nemelex Xobeh
Okawaru
Qazlal
Ru
Sif Muna
Trog
Vehumet
Wu Jian
Xom
Zin
The Shining One

Shops:
D:4 [   D:5 =

Annotations:
D:3 2 transporters, spaghetti's ghost, amateur MeEE
D:8 2 transporters, Erica


Innate Abilities, Weirdness & Mutations

You are a venomous arachnid creature.
You have poisonous fangs.
You are tiny and dextrous.
Your spellcasting is less reliable in this form.
Your armour is entirely melded.
You are incapable of wielding weapons or throwing items.
((You can breathe bolts of dispelling energy.))
((Your rich purple scales are hard. (AC +7)))
You cannot fit into any form of body armour.
((You are cold-blooded and may be slowed by cold attacks.))


Message History

Casting: Anguish (quite dangerous; 56% risk of failure)
Press: ? - help, Dir - look around, f - activate The two-headed ogre resists with almost no effort.
Casting: Anguish (quite dangerous; 56% risk of failure)
Confirm with . or Enter, or press ? or * to list all spells.
You don't know that spell.
Casting: Anguish (quite dangerous; 56% risk of failure)
Confirm with . or Enter, or press ? or * to list all spells.
The spell is quite dangerous to miscast (56% risk of failure)!
Continue anyway?
Casting: Anguish (quite dangerous; 56% risk of failure)
Press: ? - help, Dir - look around, f - activate Look: a two-headed ogre, wielding two +0 giant clubs (chance to affect: 29%)
You miscast Anguish.
You are very lightly contaminated with residual magic.
You feel a strange surge of energy.
You feel yourself slow down.
Erica the Fiery-Tempered comes into view.
She is wielding a +0 scimitar of flaming and wearing a +1 robe of cold resistance.
Found a +0 pair of boots of rampaging.
Found a transporter.
Erica mumbles some strange words.
Erica flickers and vanishes!
Deactivating autopickup; reactivate with Ctrl-A.
The two-headed ogre misses you.
The two-headed ogre hits you with a +0 giant club!!
Casting: Anguish (quite dangerous; 56% risk of failure)
Confirm with . or Enter, or press ? or * to list all spells.
You turn into a venomous arachnid creature.
The +1 pair of gloves of Pantheism {Str+4} melds into your body.
The two-headed ogre closely misses you. The two-headed ogre barely misses you.
The two-headed ogre attacks as you move away!
The two-headed ogre closely misses you. The two-headed ogre misses you.
The two-headed ogre attacks as you move away!
The two-headed ogre hits you with a +0 giant club!!
You block the two-headed ogre's attack.
The two-headed ogre attacks as you move away!
The two-headed ogre hits you with a +0 giant club!
* * * LOW HITPOINT WARNING * * *
The two-headed ogre completely misses you.
Your transformation is almost over.
The two-headed ogre hits you with a +0 giant club!
You die...
Your body glows slightly and disappears.

.......###. ....
#..#### ©.........
#..### ##..# #
......... #....###
#...# ........#
#......####...#
#.......#
#........##...#
........#
##.............#
........#
#...........>..#
........#
#......)........#
.....#..##
##.s.......####...#
....###..#
#.O.#..##### #....
..O## #..##
##..##..# #... .##
##.{###...#...# #..
# #...#...##...# ..
#.......##...#
##.....###...#
#.....##....#
#...........#


You could see a two-headed ogre.

Vanquished Creatures
  Pikel (D:8)
  Grinder (D:6)
  Sigmund (D:3)
  2 wraiths (Ossuary)
  Menkaure (D:6)
  An orc warrior (D:7)
  A sky beast (D:7)
  2 ice beasts
  A black bear (D:6)
  3 ogres
  A lemure (D:8)
  A centaur (D:6)
  2 phantoms
  3 kobold brigands
  A bullfrog (D:6)
  A scorpion (D:6)
  A necrophage (D:5)
  4 wights (Ossuary)
  2 electric eels (D:7)
  4 orc priests
  7 hounds
  2 jellies
  Crazy Yiuf (D:3)
  5 iguanas
  Natasha (thrice) (D:2)
  5 orc wizards
  Robin (D:2)
  3 gnolls (D:3)
  8 adders
  2 ufetubi (D:6)
  A spectral adder (D:2)
  An adder zombie (Ossuary)
  A worm (D:4)
  A dart slug (D:1)
  17 orcs
  A spectral bat (D:2)
  7 bats
  A bat skeleton (D:2)
  5 endoplasms
  2 giant cockroaches
  13 hobgoblins
  7 jackals (D:4)
  3 quokkas
  9 ball pythons
  3 ball python skeletons (Ossuary)
  2 ball python zombies (D:2)
  3 frilled lizards
  15 goblins
  2 hobgoblin skeletons (Ossuary)
  A hobgoblin zombie (Ossuary)
  24 kobolds
  4 rats
  A spectral giant cockroach (D:2)
195 creatures vanquished.

Vanquished Creatures (others)
  28 plants (D:2)
  15 withered plants (D:2)
43 creatures vanquished.

Grand Total: 238 creatures vanquished

Notes
Turn   | Place    | Note
-------+----------+-------------------------------------------
     0 | D:1      | greenreed the Draconian Transmuter began the quest for the
                  | Orb.
     0 | D:1      | Reached XP level 1. HP: 16/16 MP: 3/3
   530 | D:1      | Reached XP level 2. HP: 23/23 MP: 5/5
  1325 | D:2      | Reached XP level 3. HP: 22/28 MP: 3/6
  1510 | D:2      | Noticed Robin
  1554 | D:2      | Killed Robin
  1852 | D:2      | Found a faded altar of an unknown god.
  1937 | D:2      | Got the Volume of Hexing and Unholy Rites
  2068 | D:2      | Found a sparkling altar of Nemelex Xobeh.
  2091 | D:2      | Became a worshipper of Nemelex Xobeh the Trickster
  2142 | D:2      | Noticed Natasha
  2153 | D:2      | Reached skill level 4 in Unarmed Combat
  2157 | D:2      | Reached XP level 4. HP: 35/35 MP: 5/7
  2162 | D:2      | Killed Natasha
  2168 | D:2      | Found the +4 dagger "Morg" {pain, Will+ Int+5}
  2247 | D:2      | Noticed Natasha
  2256 | D:2      | Killed Natasha
  2350 | D:2      | Noticed Natasha
  2356 | D:2      | Killed Natasha
  2357 | D:2      | Reached XP level 5. HP: 37/40 MP: 6/8
  2651 | D:3      | Noticed Sigmund
  2670 | D:3      | Killed Sigmund
  2671 | D:3      | Reached skill level 1 in Stealth
  2671 | D:3      | Reached skill level 5 in Unarmed Combat
  2671 | D:3      | Reached XP level 6. HP: 42/47 MP: 8/10
  2728 | D:3      | Found a transporter.
  2763 | D:3      | Found a transporter.
  2768 | D:3      | Noticed spaghetti's ghost (amateur MeEE)
  2811 | D:3      | Found a radiant altar of Vehumet.
  3070 | D:3      | Found a runed translucent door.
  3071 | D:3      | Noticed Crazy Yiuf
  3078 | D:3      | Learned a level 3 spell: Spider Form
  3093 | D:3      | Killed Crazy Yiuf
  3529 | D:3      | Found a bloodstained altar of Trog.
  3588 | D:4      | Found a sand-covered staircase.
  3593 | Ossuary  | Entered an ossuary
  3711 | Ossuary  | Your scales start taking on a rich purple colour.
  3711 | Ossuary  | Reached XP level 7. HP: 18/48 MP: 10/12
  3925 | Ossuary  | Noticed a wraith
  3925 | Ossuary  | Noticed a flying skull
  3951 | Ossuary  | Noticed a flying skull
  3958 | Ossuary  | Noticed a flying skull
  3974 | Ossuary  | Reached skill level 6 in Unarmed Combat
  4164 | Ossuary  | Noticed a flying skull
  4165 | Ossuary  | Noticed a wraith
  4176 | Ossuary  | Killed a wraith
  4719 | Ossuary  | Noticed a wraith
  4728 | Ossuary  | Killed a wraith
  4841 | D:4      | Reached XP level 8. HP: 36/61 MP: 12/14
  5010 | D:4      | Reached skill level 7 in Unarmed Combat
  6026 | D:4      | Reached * piety under Nemelex Xobeh
  6194 | D:4      | Received a gift from Nemelex Xobeh
  6327 | D:4      | Found Ozais's Armour Boutique.
  6421 | D:5      | Entered Level 5 of the Dungeon
  6743 | D:5      | Reached skill level 8 in Unarmed Combat
  6743 | D:5      | Reached skill level 5 in Spellcasting
  7028 | D:5      | Found a snail-covered altar of Cheibriados.
  7084 | D:5      | Found Udorora's Jewellery Emporium.
  7260 | D:5      | Learned a level 1 spell: Necrotise
  7480 | D:5      | Reached ** piety under Nemelex Xobeh
  7577 | D:5      | Received a gift from Nemelex Xobeh
  7581 | D:5      | Found the +9 heavy crossbow "Sniper" {vorpal, Acc+∞ SInv}
  7698 | D:5      | Found a shadowy altar of Dithmenos.
  7780 | D:5      | Reached XP level 9. HP: 68/68 MP: 16/16
  8246 | D:6      | Noticed Menkaure
  8248 | D:6      | Killed Menkaure
  8249 | D:6      | Reached skill level 1 in Necromancy
  8373 | D:6      | Noticed Grinder
  8376 | D:6      | Killed Grinder
  8377 | D:6      | Reached skill level 5 in Transmutations
  8505 | D:6      | Found a blossoming altar of Fedhas.
  9189 | D:4      | Bought the +1 pair of gloves of Pantheism {Str+4} for 249
                  | gold pieces
  9721 | D:7      | Reached skill level 9 in Unarmed Combat
  9760 | D:7      | Found a staircase to the Ecumenical Temple.
  9852 | Temple   | Entered the Ecumenical Temple
  9852 | Temple   | Found a transporter.
  9852 | Temple   | Found a transporter.
 10000 | Temple   | Found a transporter.
 10000 | Temple   | Found a transporter.
 10399 | D:8      | Reached *** piety under Nemelex Xobeh
 10443 | D:8      | Noticed Pikel
 10452 | D:8      | Killed Pikel
 10453 | D:8      | Reached skill level 1 in Shields
 10453 | D:8      | Reached XP level 10. HP: 58/77 MP: 16/20
 10454 | D:8      | Received a gift from Nemelex Xobeh
 10460 | D:8      | Learned a level 4 spell: Anguish
 10571 | D:8      | Found a transporter.
 10574 | D:8      | Noticed a two-headed ogre
 10576 | D:8      | Noticed Erica
 10577 | D:8      | Found a transporter.
 10590 | D:8      | Slain by a two-headed ogre

Illustrated notes

Levels and vault maps discovered:
D:1:      dpeg_arrival_long_road, layout_basic, dreamdust_mushroom_princess,
          serial_bayou_lake_a
D:2:      wad_woods_pond, layout_basic, ebering_ecumenical_altar_abandoned,
          basic_altar, dilly_guarded_unrand_morg, uniq_robin
D:3:      minmay_wonky_spiral, layout_loops_ring, lightli_temple_of_fire,
          vehumet_crystals, gammafunk_ghost_mausoleum, uniq_crazy_yiuf_cottage,
          uniq_sigmund
D:4:      minmay_angry_zag, layout_loops_corners, serial_shops, shop,
          nicolae_ossuary_entry_ruins, st_stairs_5
D:5:      layout_loops_corners, mainiacjoe_overflow_chevrons, marbit_many_paths,
          serial_shops, nicolae_shop_crystal, nicolae_figureground_pulse
D:6:      black_bear_nest_2, layout_loops_ring,
          mainiacjoe_overflow_surrounded_room, uniq_menkaure, uniq_grinder
D:7:      layout_loops_ring, minmay_temple_entry_glass, serial_bayou_ford_a
D:8:      gammafunk_boulding_lane, layout_layer_cave, uniq_joseph, uniq_erica,
          uniq_pikel
Temple:   hellmonk_temple_divided_pantheon

Skill      XL: |  1  2  3  4  5  6  7  8  9 |
---------------+----------------------------+-----
Dodging        | 2 3 4 |  4.8
Unarmed Combat | 4 5 6 8 9 |  9.3
Stealth        | 1 2 3 |  3.8
Transmutations | 3 4 5 |  5.4
Spellcasting   | 3 4 5 6 |  6.7
Fighting       | 2 3 |  3.4
Necromancy     | 3 |  3.8
Shields        | 1 |  1.2
Poison Magic   | |  0.6

Action                   |  1- 3 |  4- 6 |  7- 9 | 10-12 || total
-------------------------+-------+-------+-------+-------++-------
Melee: Unarmed           |   152 |   108 |   272 |       ||   532
       Tailslap          |    13 |    15 |    32 |       ||    60
       Kick              |    10 |    23 |    43 |       ||    76
       Punch             |     3 |     2 |    12 |       ||    17
       Headbutt          |     5 |    13 |    27 |       ||    45
 Fire: Heavy crossbow    |       |       |    41 |       ||    41
 Cast: Beastly Appendage |    10 |    10 |    30 |       ||    50
       Spider Form       |       |     1 |     1 |     1 ||     3
       Necrotise         |       |       |    18 |       ||    18
       Anguish           |       |       |       |     1 ||     1
 Abil: Breathe Dispellin |       |       |     9 |       ||     9
  Use: Potion            |       |     1 |     2 |       ||     3
       Scroll            |       |       |     3 |       ||     3
 Stab: Sleeping          |     1 |     1 |     8 |       ||    10
Armor: Skin              |    63 |    14 |    73 |       ||   150
Dodge: Dodged            |   108 |    49 |   143 |     6 ||   306
Block: Other             |       |       |    12 |     1 ||    13
       Reflection        |       |       |     2 |       ||     2

Table legend: (Time is in decaauts)
 A = Elapsed time spent in this place.
 B = Non-inter-level travel time spent in this place.
 C = Inter-level travel time spent in this place.
 D = Time resting spent in this place.
 E = Time spent auto-exploring this place.
 F = Levels seen in this place.
 G = Mean time per level.
                   A        B        C        D        E       F      G
               +--------+--------+--------+--------+--------+-----+--------+
         Total |  10649 |  10233 |    416 |   1268 |   7384 |  10 | 1064.9 |
       Dungeon |   9212 |   8804 |    408 |    321 |   7078 |   8 | 1151.5 |
        Temple |    180 |    172 |      8 |      0 |    152 |   1 |  180.0 |
       Ossuary |   1256 |   1256 |      0 |    947 |    154 |   1 | 1256.0 |
               +--------+--------+--------+--------+--------+-----+--------+

Top non-repeatable levels by time:
     D:5: 1784 daAuts
     D:4: 1693 daAuts
     D:1: 1338 daAuts
     D:2: 1316 daAuts
 Ossuary: 1256 daAuts
     D:6: 975 daAuts
     D:7: 935 daAuts
     D:3: 929 daAuts
     D:8: 239 daAuts
  Temple: 180 daAuts
